Map: Amygdala

Players

iPlayDefense

  • Race: Terran Terran
  • League: Silver
  • Spawn Location: 7:00

Tesla - Winner!

  • Race: Protoss Protoss
  • League: Silver
  • Spawn Location: 1:00

VOD

Have the link to the VOD?

Description

Time

  • Played on: April 13, 2025, 11:03 p.m.
  • Length: 7:00
Show
View Real Time Build Order
Export as new Build Order

iPlayDefense Terran 

Build Orders:  

Get SALT Encoding   

  12  0:00  SCV  
  13  0:13  SCV  
  14  0:19  Supply Depot  
  14  0:25  Refinery  
  14  0:28  SCV  
  15  0:43  Barracks  
  15  0:46  SCV  
  16  0:58  Supply Depot  
  16  1:33  Orbital Command  
  16  1:35  Bunker  
  16  1:43  Barracks Reactor  
  16  1:49  Refinery  
  16  1:59  SCV  
  17  2:11  SCV  
  18  2:15  Supply Depot  
  18  2:19  Marine x2  
  20  2:23  SCV  
  21  2:32  Factory  
  21  2:37  Marine x2  
  23  2:56  Command Center  
  23  3:13  SCV  
  23  3:15  Marine x2  
  26  3:21  Factory Tech Lab  
  26  3:25  SCV  
  27  3:33  Marine x2  
  29  3:37  SCV  
  30  3:42  Siege Tank  
  33  4:08  Starport  
  33  4:09  Starport  
  33  4:12  SCV  
  33  4:13  Marine  
  33  4:14  Marine  
  36  4:19  Supply Depot  
  36  4:24  SCV  
  36  4:25  Supply Depot  
  36  4:31  Orbital Command, Marine x2  
  37  4:37  SCV  
  40  4:50  Supply Depot  
  40  4:53  Starport Reactor  
  40  5:00  Starport Reactor  
  40  5:10  SCV  
  40  5:11  SCV  
  40  5:12  Marine x2  
  44  5:14  Siege Tank  
  47  5:22  Supply Depot  
  47  5:23  SCV x2  
  49  5:30  Marine x2  
  49  5:31  Engineering Bay  
  51  5:37  Armory  
  51  5:44  Supply Depot  
  51  6:07  Supply Depot  
  51  6:08  Barracks  
  51  6:09  Barracks  
  51  6:10  SCV x2  
  53  6:11  Marine x2  
  53  6:12  Siege Tank  
  53  6:18  Supply Depot  
  58  6:22  SCV x2  
  60  6:29  Marine x2  
  64  6:34  SCV x2  
  64  6:37  Supply Depot  
  66  6:42  Refinery  
  66  6:46  SCV x2  
  66  6:47  Refinery  
Show
View Real Time Build Order
Export as new Build Order

Tesla Protoss - Winner!

Build Orders:  

Get SALT Encoding   

  12  0:00  Probe  
  13  0:12  Probe  
  14  0:20  Pylon  
  14  0:26  Assimilator  
  14  0:28  Probe  
  15  0:48  Gateway  
  15  0:50  Probe  
  16  0:58  Probe  
  17  1:06  Probe  
  18  1:17  Assimilator  
  18  1:20  Probe  
  19  1:35  Cybernetics Core  
  19  1:41  Pylon  
  19  1:48  Pylon  
  19  1:50  Zealot  
  19  1:53  Probe  
  21  2:01  Probe  
  23  2:09  Probe  
  23  2:14  Stargate  
  24  2:19  Assimilator, Stalker  
  24  2:21  Probe  
  27  2:33  Probe  
  28  2:41  Probe  
  28  2:50  Probe  
  29  2:53  Nexus  
  30  3:02  Probe  
  31  3:19  Pylon  
  31  3:37  Probe  
  31  3:39  Void Ray  
  36  3:44  Pylon  
  36  3:49  Probe  
  36  3:53  Pylon  
  37  4:01  Probe  
  38  4:08  Probe  
  39  4:12  Void Ray  
  39  4:15  Assimilator  
  43  4:20  Probe  
  44  4:30  Stargate  
  44  4:32  Probe  
  45  4:44  Pylon  
  45  4:53  Void Ray, Pylon  
  49  5:10  Probe  
  51  5:14  Probe  
  51  5:22  Probe  
  51  5:26  Void Ray, Probe  
  53  5:32  Forge  
  53  5:33  Void Ray  
  53  5:34  Probe  
  58  5:38  Probe  
  63  5:50  Probe  
  64  6:02  Probe x2  
  70  6:09  Void Ray  
  74  6:12  Pylon  
  74  6:14  Probe  
  74  6:16  Void Ray, Pylon  
  75  6:20  Pylon  
  75  6:26  Probe  
  75  6:32  Photon Cannon  
  76  6:36  Photon Cannon  
  76  6:38  Probe  
  77  6:42  Photon Cannon  
  77  6:47  Photon Cannon  
  77  6:51  Pylon  
Tags
 
Matchup
PvT
Replay Pack
DaveSC2
Spawn Locations
Cross Positions
Add a new tag
Caveats
  • Supply blocks, unpowered buildings, or Contaminate may cause inaccurate times.
  • Supply counts are checked every 10 seconds.